 Dungeon Crawl Stone Soup version 0.26-a0-1177-g1209ec82b9 (webtiles) character file.

Game seed: 14043748985635807467

4803 lessens the Carver (level 10, -7/70 HPs)
             Began as a Mummy Fighter on Dec 23, 2020.
             Was a Follower of Okawaru.
             Mangled by a deep elf knight
             ... wielding a +0 long sword
              (11 damage)
             ... on level 7 of the Dungeon on Dec 24, 2020.
             The game lasted 00:22:51 (13024 turns).

lessens the Carver (Mummy Fighter)                 Turns: 13024, Time: 00:22:51

Health: -7/70      AC: 13    Str: 23    XL:     10   Next: 24%
Magic:  10/10      EV:  5    Int: 11    God:    Okawaru [*.....]
Gold:   201        SH: 14    Dex: 15    Spells: 9/9 levels left

rFire    . . .     SeeInvis .   a - +0 long sword
rCold    + . .     Faith    .   c - +0 kite shield
rNeg     + + +     Spirit   .   x - +0 plate armour
rPois    ∞         Reflect  +   (no helmet)
rElec    .         Harm     .   D - +0 cloak
rCorr    .         Rampage  .   (no gloves)
Will     +....                  (no boots)
Stlth    ..........             t - amulet of reflection
HPRegen  0.21/turn              m - ring "Dajugy" {rF+ Int+4 Dex+3}
MPRegen  0.12/turn              A - +4 ring of slaying

@: about to teleport
A: no potions, fire vulnerability, cold resistance 1, negative energy resistance
3, torment resistance, unbreathing
a: Renounce Religion, Heroism


You were on level 7 of the Dungeon.
You worshipped Okawaru.
Okawaru was aware of your devotion.
You visited 2 branches of the dungeon, and saw 9 of its levels.
You also visited: Sewer and Ossuary.

You collected 462 gold pieces.
You spent 261 gold pieces at shops.

Inventory:

Hand Weapons
 a - a +0 long sword (weapon)
 b - a +1 dagger of venom
 w - a +0 scimitar
Missiles
 d - 14 boomerangs
 h - 9 poisoned darts
 j - 72 stones
 k - 7 datura-tipped darts
 p - 5 curare-tipped darts (quivered)
 u - 4 silver boomerangs
Armour
 c - a +0 kite shield (worn)
 x - a +0 plate armour (worn)
 D - a +0 cloak (worn)
Jewellery
 m - the ring "Dajugy" (left hand) {rF+ Int+4 Dex+3}
   (You found it on level 8 of the Dungeon)

   [ring of protection from fire]

   It affects your intelligence (+4).
   It affects your dexterity (+3).
   It protects you from fire.
 t - an amulet of reflection (around neck)
 v - an uncursed ring of fire
 A - a +4 ring of slaying (right hand)
 E - an uncursed amulet of faith
Wands
 y - a wand of acid (21)
 B - a wand of iceblast (4)
Scrolls
 e - a scroll of enchant armour
 f - a scroll of amnesia
 g - 10 scrolls of remove curse
 i - 6 scrolls of identify
 l - a scroll of immolation
 n - 3 scrolls of magic mapping
 r - a scroll of enchant weapon
 s - 2 scrolls of fog
 z - a scroll of blinking {unknown}
 C - a scroll of torment {unknown}
 F - a scroll of holy word {unknown}


   Skills:
 - Level 3.0 Fighting
 * Level 11.7 Long Blades
 + Level 4.8 Armour
 - Level 1.6 Dodging
 - Level 2.4 Shields


You had 9 spell levels left.
You didn't know any spells.
Your spell library contained the following spells:

 Spells                   Type           Power        Failure   Level
 Animate Skeleton         Necr           0%           100%        1
 Apportation              Tloc           0%           100%        1
 Corona                   Hex            0%           100%        1
 Summon Small Mammal      Summ           0%           100%        1


Dungeon Overview and Level Annotations

Branches:
Dungeon (8/15)             Temple (1/1) D:7           Sewer (visited)
Ossuary (visited)
   Lair: D:8-11

Altars:
Cheibriados
Elyvilon
Fedhas
Hepliaklqana
Kikubaaqudgha
Makhleb
Nemelex Xobeh
Okawaru
Qazlal
Trog
Uskayaw
Xom
Yredelemnul
Zin

Shops:
D:8 [

Annotations:
D:6 3 runed translucent doors, DarkMailMan's ghost, novice DgTm


Innate Abilities, Weirdness & Mutations

You do not drink.
Your flesh is vulnerable to fire.
You are immune to poison.
Your flesh is cold resistant. (rC+)
You are immune to negative energy. (rN+++)
You are immune to unholy pain and torment.
You can survive without breathing.


Message History

The shard of ice hits you! You partially resist.
There is a stone staircase leading up here.
Something hits you.
You climb upwards.
Reactivating autopickup.
There is a stone staircase leading down here.
You hear some strange, mumbled words.
A shard of ice appears from out of thin air!
Deactivating autopickup; reactivate with Ctrl-A.
The shard of ice misses you. Something hits you.
You hear some strange, mumbled words.
A shard of ice appears from out of thin air!
The shard of ice hits you!! You partially resist.
* * * LOW HITPOINT WARNING * * *
You can't drink.
As you read the scroll of teleportation, it crumbles to dust.
You feel strangely unstable. Something hits you but does no damage.
Something hits you!
You die...

# # ####### # ######^....### #
#≈≈≈≈≈≈≈≈≈...# ####
#≈#≈≈≈≈≈#≈...# #... #
#≈###≈#≈.>.# ###...
#≈#≈≈≈≈≈#≈...######### ##...##
#≈≈≈≈≈≈≈≈≈.....@.....#####....##
####.###......######............
#..........############......
#####............[...........
#.........###..####.#....
#.>..............##...##.
#.........<...##.........
#.........##....#...###..
#.........#####....###..#


There were no monsters in sight!

Vanquished Creatures
  Erica (D:8)
  Maurice (D:8)
  Prince Ribbit (D:8)
  Grinder (Sewer)
  2 orc warriors (D:6)
  2 sky beasts
  An eye of draining (D:6)
  A phantom (D:4)
  6 ogres
  2 centaurs
  A boggart (D:8)
  3 big kobolds
  A bullfrog (D:7)
  A wyvern zombie (D:7)
  2 water moccasin skeletons
  9 scorpions
  An electric eel (D:7)
  A howler monkey (D:6)
  2 centaur zombies (Ossuary)
  A bullfrog zombie (D:6)
  2 quasits (Sewer)
  2 human zombies (Ossuary)
  A bullfrog skeleton (D:5)
  5 hounds
  5 orc wizards
  A centaur skeleton (D:4)
  2 iguanas
  8 worker ants
  A killer bee zombie (D:8)
  5 big kobold zombies
  A hound skeleton (D:6)
  4 mummies
  5 scorpion zombies (Ossuary)
  2 adders
  4 gnolls
  8 shadow imps
  A white imp (D:5)
  3 ufetubi
  2 oozes
  An adder skeleton (D:5)
  An adder zombie (Sewer)
  2 worms
  A dart slug (D:1)
  7 leopard geckos
  26 orcs
  4 bats
  7 giant cockroaches
  12 goblins
  5 hobgoblins
  5 jackals
  A quokka (D:3)
  3 ball pythons
  3 frilled lizards
  A hobgoblin zombie (Ossuary)
  25 kobolds
  7 kobold zombies
  2 orc zombies (Ossuary)
  7 rats
222 creatures vanquished.

Vanquished Creatures (others)
  2 scorpions (Ossuary)
  An ooze (Sewer)
  An orc zombie (Ossuary)
4 creatures vanquished.

Grand Total: 226 creatures vanquished

Notes
Turn   | Place    | Note
-------+----------+-------------------------------------------
     0 | D:1      | lessens the Mummy Fighter began the quest for the Orb.
     0 | D:1      | Reached XP level 1. HP: 18/18 MP: 1/1
   120 | D:1      | Reached skill level 2 in Long Blades
   180 | D:1      | Reached XP level 2. HP: 21/24 MP: 2/2
   687 | D:2      | Reached XP level 3. HP: 29/29 MP: 3/3
   762 | D:2      | Reached skill level 3 in Long Blades
  1008 | D:2      | Upgraded the game from 0.26-a0-1147-g3780a7a11b to
                  | 0.26-a0-1177-g1209ec82b9
  1347 | D:2      | Reached XP level 4. HP: 24/35 MP: 4/4
  2427 | D:2      | Found an ancient bone altar of Kikubaaqudgha.
  2690 | D:3      | Noticed an ogre
  2760 | D:3      | Reached skill level 4 in Long Blades
  2932 | D:3      | Found a glowing drain.
  2997 | Sewer    | Entered a sewer
  3038 | Sewer    | Reached XP level 5. HP: 32/41 MP: 5/5
  3527 | Sewer    | Found a burning altar of Makhleb.
  3538 | Sewer    | Reached skill level 5 in Long Blades
  3633 | Sewer    | Reached XP level 6. HP: 38/47 MP: 6/6
  3723 | Sewer    | Noticed Grinder
  3746 | Sewer    | Paralysed by Grinder for 3 turns
  3770 | Sewer    | Killed Grinder
  3771 | Sewer    | Reached skill level 6 in Long Blades
  4199 | D:3      | Reached XP level 7. HP: 38/52 MP: 7/7
  4349 | D:3      | Found a snail-covered altar of Cheibriados.
  4457 | D:3      | Found a bloodstained altar of Trog.
  4714 | D:4      | Found a stormy altar of Qazlal.
  4714 | D:4      | Noticed a water elemental
  4715 | D:4      | Noticed an air elemental
  4715 | D:4      | Noticed a fire elemental
  4772 | D:4      | Reached skill level 7 in Long Blades
  5726 | D:4      | Found a sparkling altar of Nemelex Xobeh.
  5771 | D:5      | Entered Level 5 of the Dungeon
  5920 | D:5      | Reached XP level 8. HP: 58/58 MP: 8/8
  5959 | D:5      | Reached skill level 8 in Long Blades
  7111 | D:6      | Found a runed translucent gate.
  7112 | D:6      | Found a runed translucent gate.
  7115 | D:6      | Found a runed translucent gate.
  7116 | D:6      | Noticed DarkMailMan's ghost (novice DgTm)
  7178 | D:6      | Reached skill level 9 in Long Blades
  7584 | D:6      | Noticed a +0 dagger
  7585 | D:6      | Found a hide-covered altar of Uskayaw.
  7585 | D:6      | Noticed a +0 dagger
  7751 | D:6      | Found a sand-covered staircase.
  7764 | Ossuary  | Entered an ossuary
  8415 | Ossuary  | Reached skill level 10 in Long Blades
  8415 | Ossuary  | Reached XP level 9. HP: 58/63 MP: 9/9
  8697 | Ossuary  | Reached skill level 1 in Dodging
 10304 | D:7      | Found a white marble altar of Elyvilon.
 10628 | D:7      | Reached skill level 11 in Long Blades
 10863 | D:7      | Found a shimmering altar of Xom.
 10958 | D:7      | Found a staircase to the Ecumenical Temple.
 11103 | Temple   | Entered the Ecumenical Temple
 11113 | Temple   | Became a worshipper of Warmaster Okawaru
 11220 | D:8      | Noticed Maurice
 11224 | D:8      | Noticed Erica
 11472 | D:8      | Killed Erica
 11472 | D:8      | Reached * piety under Okawaru
 11473 | D:8      | Reached XP level 10. HP: 57/70 MP: 10/10
 11493 | D:8      | Killed Maurice
 11811 | D:8      | Noticed Prince Ribbit
 11824 | D:8      | Killed Prince Ribbit
 12033 | D:8      | Got a transparent jade ring
 12038 | D:8      | Identified the ring "Dajugy" {rF+ Int+4 Dex+3} (You found
                  | it on level 8 of the Dungeon)
 12728 | D:8      | Found a large runed translucent door.
 12729 | D:8      | Found a large runed translucent door.
 12740 | D:8      | Found Lueghueh's Antique Armour Boutique.
 12746 | D:8      | Bought an encrusted scale mail for 261 gold pieces
 12756 | D:8      | Identified the +6 scale mail "Urelioff" {-Tele Str+4} (You
                  | bought it in a shop on level 8 of the Dungeon)
 12985 | D:8      | Found a burning altar of Makhleb.
 12985 | D:8      | Noticed a deep elf knight
 13024 | D:7      | Mangled by a deep elf knight

Illustrated notes

Levels and vault maps discovered:
D:1:      elethiomel_arrival_quiet, layout_basic
D:2:      layout_loops_cross, lemuel_round_altar, minmay_misc_feat_iff,
          minivault_11
D:3:      layout_loops_cross, lightli_temple_of_fire, overflow_temple_1_default,
          portal_sewer_entry_f
D:4:      layout_rooms, nemelex_altar_shiori, nicolae_qazlal_style_of_elements,
          minmay_surrounded
D:5:      layout_loops_corners
D:6:      layout_loops_ring, dancing_weapons_uskayaw, ebering_ghost_rock_garden,
          gup_ossuary_entry_pyramid
D:7:      layout_rooms, elyvilon_altar_5, kennysheep_mini,
          lemuel_temple_firewalk_b, minmay_crystal_water
D:8:      layout_basic, serial_shops, nicolae_shop_overgrown_old_shop,
          jmf_multi_god_temple2, uniq_maurice, uniq_erica, uniq_prince_ribbit1
Temple:   nicolae_temple_god_jail

Skill      XL: |  1  2  3  4  5  6  7  8  9 |
---------------+----------------------------+-----
Long Blades    | 2 3 4 5 6 7 10 11 | 11.7
Dodging        | 1 |  1.6
Armour         | 4 |  4.8
Fighting       | |  3.0
Shields        | |  2.4

Action                   |  1- 3 |  4- 6 |  7- 9 | 10-12 || total
-------------------------+-------+-------+-------+-------++-------
Melee: Long sword        |   121 |   170 |   285 |     9 ||   585
       Dagger            |       |    69 |   425 |    31 ||   525
Throw: Dart              |       |     4 |    19 |       ||    23
       Boomerang         |       |       |     3 |       ||     3
Evoke: Wand              |       |       |       |     4 ||     4
  Use: Scroll            |     2 |     1 |     8 |     4 ||    15
Armor: Scale mail        |    46 |   111 |   127 |     6 ||   290
       Plate armour      |       |       |       |     3 ||     3
Dodge: Dodged            |    45 |    70 |   127 |     5 ||   247
Block: Kite shield       |    62 |   112 |   314 |    28 ||   516
       Reflection        |       |       |    10 |     7 ||    17
       Rpst.: Long sword |    14 |    18 |    24 |       ||    56

Table legend: (Time is in decaauts)
 A = Elapsed time spent in this place.
 B = Non-inter-level travel time spent in this place.
 C = Inter-level travel time spent in this place.
 D = Time resting spent in this place.
 E = Time spent auto-exploring this place.
 F = Levels seen in this place.
 G = Mean time per level.
                   A        B        C        D        E       F      G
               +--------+--------+--------+--------+--------+-----+--------+
         Total |  13019 |  12496 |    523 |   3730 |   5944 |  11 | 1183.5 |
       Dungeon |  10749 |  10236 |    513 |   2640 |   5470 |   8 | 1343.6 |
        Temple |     19 |     10 |      9 |      0 |      3 |   1 |   19.0 |
         Sewer |   1167 |   1167 |      0 |    644 |    215 |   1 | 1167.0 |
       Ossuary |   1082 |   1082 |      0 |    446 |    256 |   1 | 1082.0 |
               +--------+--------+--------+--------+--------+-----+--------+

Top non-repeatable levels by time:
     D:8: 1648 daAuts
     D:7: 1578 daAuts
     D:5: 1451 daAuts
     D:1: 1392 daAuts
     D:6: 1384 daAuts
     D:2: 1344 daAuts
   Sewer: 1167 daAuts
 Ossuary: 1082 daAuts
     D:4: 1078 daAuts
     D:3: 871 daAuts
  Temple: 19 daAuts
